 Dungeon Crawl Stone Soup version 0.21-a0-225-g207ae17 (webtiles) character file.

204 pokedragonboy the Grave Robber (level 5, -2/28 HPs)
             Began as a Deep Elf Necromancer on Aug 30, 2017.
             Slain by a bullfrog skeleton (5 damage)
             ... on level 4 of the Dungeon.
             The game lasted 00:09:26 (3660 turns).

pokedragonboy the Grave Robber (DENe)               Turns: 3660, Time: 00:09:26

Health: -2/28      AC:  6    Str:  5    XL:     5   Next: 52%
Magic:  11/13      EV: 13    Int: 21    God:
Gold:   184        SH:  0    Dex: 15    Spells: 4/12 levels left

rFire    . . .     SeeInvis .   m - +0 dagger (venom)
rCold    . . .     Gourm    .   (no shield)
rNeg     . . .     Faith    .   r - +0 robe (curse)
rPois    +         Spirit   .   t - +2 hat
rElec    .         Reflect  .   u - +1 cloak {rPois}
rCorr    .         Harm     .   (no gloves)
MR       +....                  (no boots)
Stlth    ++........             (no amulet)
HPRegen  0.09/turn              h - ring of protection from magic
MPRegen  0.13/turn              (no ring)

@: no status effects
A: no striking features
a: no special abilities


You were on level 4 of the Dungeon.
You were not hungry.

You visited 1 branch of the dungeon, and saw 4 of its levels.

You collected 184 gold pieces.

Inventory:

Hand Weapons
 m - a +0 dagger of venom (weapon)
Armour
 e - a +0 buckler
 r - a cursed +0 robe (worn)
 t - a +2 hat (worn)
 u - a +1 cloak of poison resistance (worn)
Jewellery
 h - a ring of protection from magic (left hand)
Scrolls
 d - a scroll of enchant weapon {unknown}
 i - a scroll of recharging {unknown}
 j - 2 scrolls of remove curse
 o - a scroll of amnesia
 s - 2 scrolls of fog {unknown}
Potions
 a - 2 potions of haste {unknown}
 g - a potion of curing {unknown}
 k - 3 potions of degeneration {unknown}
 n - a potion of mutation {unknown}
 p - a potion of heal wounds {unknown}
 v - a potion of flight {unknown}
Books
 b - a book of Necromancy

   Spells                             Type                      Level
   a - Pain                           Necromancy                   1
   b - Animate Skeleton               Necromancy                   1
   c - Vampiric Draining              Necromancy                   3
   d - Regeneration                   Charms/Necromancy            3
   e - Animate Dead                   Necromancy                   4
   f - Control Undead                 Necromancy                   4
Comestibles
 c - 3 bread rations
 l - 2 meat rations
 q - a royal jelly


   Skills:
 - Level 2.4 Dodging
 - Level 2.4 Stealth
 + Level 4.4 Spellcasting
 * Level 3.7 Charms
 * Level 6.8 Necromancy


You had 4 spell levels left.
You knew the following spells:

 Your Spells              Type           Power        Failure   Level  Hunger
a - Pain                  Necr           ####         1%          1    None
c - Animate Dead          Necr           N/A          7%          4    ####...
d - Regeneration          Chrm/Necr      ####......   4%          3    ##.....


Dungeon Overview and Level Annotations

Branches:
Dungeon (4/15)
 Temple: D:4-7

Altars:

Annotations:
D:3 Redeemus's ghost, amateur DsWr


Message History

The bullfrog skeleton hits you.
* * * LOW HITPOINT WARNING * * *
An orc comes into view. It is wielding a club.
Casting: Pain
Confirm with . or Enter, or press ? or * to list all spells.
Aiming: Pain
Press: ? - help, Shift-Dir - straight line, f - orc
Aim: an orc, wielding a club (resting, chance to defeat MR: 93%)
The orc shouts!
The orc writhes in agony!
The bullfrog skeleton misses you.
The bullfrog skeleton closely misses you.
Casting: Pain
Confirm with . or Enter, or press ? or * to list all spells.
Aiming: Pain
Press: ? - help, Shift-Dir - straight line, f/p - orc
Aim: an orc, wielding a club (severely wounded, chance to defeat MR: 93%)
The orc writhes in agony!
You kill the orc!
The bullfrog skeleton hits you.
You die...

#..##.# #..
###..##.#
#..
#.....#.#
#..
#.##..#.#
#..
#.#...#.#
#..
#...>...#
####......#
#.Z.......#
#@#.......#
#)#.......#
#.#......##
#.#.#.####
#.#.#.#
#.#.#.#
#...... ###


You could see a bullfrog skeleton.

Vanquished Creatures
  A scorpion (D:4)
  A howler monkey (D:4)
  2 adders (D:2)
  2 oozes (D:3)
  A worm (D:3)
  3 dart slugs
  A leopard gecko (D:3)
  10 orcs
  A ball python (D:1)
  5 bats
  5 giant cockroaches
  6 hobgoblins
  5 jackals
  7 frilled lizards
  6 goblins
  11 kobolds
  13 rats
80 creatures vanquished.

Notes
Turn   | Place    | Note
-------+----------+-------------------------------------------
     0 | D:1      | pokedragonboy the Deep Elf Necromancer began the quest for the Orb.
     0 | D:1      | Reached XP level 1. HP: 10/10 MP: 6/6
    95 | D:1      | Learned a level 1 spell: Animate Skeleton
   117 | D:1      | Reached skill level 5 in Necromancy
   311 | D:1      | Reached XP level 2. HP: 10/15 MP: 5/8
  1096 | D:2      | Reached XP level 3. HP: 17/19 MP: 7/10
  1103 | D:2      | Learned a level 3 spell: Regeneration
  1451 | D:2      | Reached skill level 1 in Charms
  1748 | D:2      | Reached skill level 6 in Necromancy
  2037 | D:2      | Reached XP level 4. HP: 23/24 MP: 9/12
  2201 | D:3      | Noticed Redeemus's ghost (amateur DsWr)
  3035 | D:3      | Learned a level 4 spell: Animate Dead
  3335 | D:4      | Reached XP level 5. HP: 18/28 MP: 8/13
  3660 | D:4      | Slain by a bullfrog skeleton

Vault maps used:
D:1:      minmay_arrival_nine_rooms, serial_park_tiny_1

Skill      XL: |  1  2  3  4 |
---------------+-------------+-----
Necromancy     | 5 6 |  6.8
Charms         | 1 3 |  3.7
Spellcasting   | 4 |  4.4
Dodging        | |  2.4
Stealth        | |  2.4

Action                   |  1- 3 |  4- 6 || total
-------------------------+-------+-------++-------
Melee: Dagger            |     1 |    15 ||    16
 Cast: Pain              |    69 |    64 ||   133
       Animate Skeleton  |       |     2 ||     2
       Animate Dead      |       |     1 ||     1
  Use: Scroll            |     1 |     3 ||     4
  Eat: Chunk             |     3 |     5 ||     8
Armor: Robe              |       |     8 ||     8
Dodge: Dodged            |     5 |    25 ||    30

Table legend:
 A = Spawn XP
 B = Non-spawn XP
 C = Spawn XP percentage of total XP
 D = Spawn monster count
 E = Non-spawn monster count
 F = Spawn count percentage of total count
 G = Total turns spent on level
                    A         B        C        D         E        F      G
               +---------+---------+-------+---------+---------+-------+---------
         Total |      65 |     227 |  22.3 |       5 |      75 |   6.2 |  3660
               +---------+---------+-------+---------+---------+-------+---------
           D:1 |       3 |      37 |   7.5 |       2 |      23 |   8.0 |  1094
           D:2 |       1 |      57 |   1.7 |       1 |      21 |   4.5 |  1162
           D:3 |       1 |      72 |   1.4 |       1 |      27 |   3.6 |  1063
           D:4 |      60 |      61 |  49.6 |       1 |       4 |  20.0 |   341
               +---------+---------+-------+---------+---------+-------+---------
